[Event "*** Titled Tuesday 3|2 Blitz"]
[Site "Chess.com"]
[Date "2016.08.02"]
[Round "8"]
[White "Sven_Tica"]
[Black "Oleksandr_Bortnyk"]
[Result "0-1"]
[WhiteElo "2427"]
[BlackElo "2562"]
[TimeControl "180+2"]
[EndTime "12:46:37 PDT"]
[Termination "Oleksandr_Bortnyk won by resignation"]

1. d4 d6 2. c4 e5 3. e3 exd4 4. exd4 Nf6 5. Ne2 Be7 6. Nbc3 O-O 7. g3 Nc6 8. Bg2 Re8 9. O-O Bf5 10. h3 h6 11. Be3 a6 12. Qb3 Na5 13. Qa4 c6 14. c5 d5 15. b3 b5 16. Qa3 Rb8 17. Qb2 b4 18. Na4 Ne4 19. Bf4 Rb7 20. g4 Bg6 21. Ng3 Bf6 22. Rfe1 Rbe7 23. f3 Nxc5 24. Rxe7 Qxe7 25.
Nxc5 Qxc5 26. dxc5 Bxb2 27. Rd1 Nb7 28. Bd6 Nxd6 29.
cxd6 Be5 30. Ne2 Bxd6 31. Kf1 Re3 32. f4 Bd3 0-1

[Event "*** Titled Tuesday 3|2 Blitz"]
[Site "Chess.com"]
[Date "2016.08.02"]
[Round "8"]
[White "calemcc"]
[Black "GremioPrudente"]
[Result "0-1"]
[WhiteElo "2110"]
[BlackElo "2090"]
[TimeControl "180+2"]
[EndTime "12:47:12 PDT"]
[Termination "GremioPrudente won by checkmate"]

1. d4 d5 2. c4 c6 3. Nc3 e6 4.
e3 Bd6 5. Nf3 f5 6. Rb1 Nf6 7.
Bd3 O-O 8. b4 Ne4 9. Qb3 Nd7 10.
a4 Ndf6 11. b5 Bd7 12. Ba3 Bxa3 13. Qxa3 Nxc3 14. Qxc3 Ne4 15. Bxe4 fxe4 16. Ne5 Be8 17. O-O Bh5 18. bxc6 bxc6 19. Rb7 Qg5 20. cxd5 Bf3 21. Nxf3 exf3 22. g3 Qh5 23. Qxc6 exd5 24. Qd7 Qh6 25.
Qxd5+ Kh8 26. Rf7 Rad8 27. Qxf3 Kg8 28. Rxf8+ Rxf8 29. Qd5+ Kh8 30. Rb1 Qh3 31. Qd6 Qf5 32. Rb8 Qxf2+ 33. Kh1 Qf1# 0-1

[Event "*** Titled Tuesday 3|2 Blitz"]
[Site "Chess.com"]
[Date "2016.08.02"]
[Round "8"]
[White "FairChess_on_YouTube"]
[Black "Chesstrainer1"]
[Result "1-0"]
[WhiteElo "2709"]
[BlackElo "2449"]
[TimeControl "180+2"]
[EndTime "12:47:32 PDT"]
[Termination "FairChess_on_YouTube won by resignation"]

1. e4 c5 2. Nf3 e6 3. g3 d5 4. exd5 Qxd5 5. Bg2 Nc6 6. O-O Qd8 7. Na3 Nge7 8. d3 Nf5 9. Nc4 Be7 10. a4 O-O 11. a5 f6 12. Nfd2 Qc7 13. Ne4 Rb8 14.
Nc3 Ncd4 15. Re1 b5 16. axb6 axb6 17. Bf4 e5 18. Nd5 Qd8 19. Ra7 Bb7 20. Ncxb6 exf4 21. Nxe7+ Nxe7 22. Bxb7 f3 23. Rxe7 Kh8 24. Bxf3 Nf5 25.
Reb7 Rxb7 26. Rxb7 Re8 27. Nc4 Nd4 28. Kg2 1-0

[Event "*** Titled Tuesday 3|2 Blitz"]
[Site "Chess.com"]
[Date "2016.08.02"]
[Round "8"]
[White "stepanosinovsky"]
[Black "ER404"]
[Result "1-0"]
[WhiteElo "2207"]
[BlackElo "2116"]
[TimeControl "180+2"]
[EndTime "12:47:32 PDT"]
[Termination "stepanosinovsky won by resignation"]

1. e4 e5 2. Nf3 d6 3. Nc3 Nf6 4. d3 Be7 5. h3 c6 6. Ne2 O-O 7. Ng3 Re8 8. Be3 d5 9. c3 Qc7 10. Ng5 a5 11. Be2 Na6 12. O-O h6 13. Nf3 Be6 14. Nh2 Rad8 15. Qc2 Bc5 16. d4 Bd6 17. dxe5 Bxe5 18. f4 Bd6 19. e5 Bxe5 20. fxe5 Qxe5 21. Bf4 1-0

[Event "*** Titled Tuesday 3|2 Blitz"]
[Site "Chess.com"]
[Date "2016.08.02"]
[Round "8"]
[White "Zhani-Z"]
[Black "josiwales"]
[Result "1-0"]
[WhiteElo "2292"]
[BlackElo "2180"]
[TimeControl "180+2"]
[EndTime "12:47:43 PDT"]
[Termination "Zhani-Z won by resignation"]

1. e4 c5 2. Nf3 d6 3. d4 cxd4 4. Nxd4 Nf6 5. Nc3 g6 6. Be3 Bg7 7. f3 h5 8. Qd2 a6 9. O-O-O b5 10. Nd5 Bb7 11. Nb3 Nxd5 12. exd5 Nd7 13. Na5 Qc7 14. Kb1 Ne5 15. Bd4 Rc8 16. Nxb7 Qxb7 17. f4 Qxd5 18.
fxe5 dxe5 19. Bc3 Qe6 20. Be2 O-O 21. Bf3 e4 22. Bxg7 Kxg7 23. Qd4+ Qf6 24. Qxe4 Rfd8 25. Rhe1 e6 26. c3 a5 27. Rxd8 Rxd8 28. Qe5 Rd2 29. Qxf6+ Kxf6 30. Re2 Rd1+ 31. Kc2 Rh1 32. g3 Rf1 33. Bc6 Rf5 34. b4 a4 35. c4 bxc4 36.
b5 g5 37. b6 1-0

[Event "*** Titled Tuesday 3|2 Blitz"]
[Site "Chess.com"]
[Date "2016.08.02"]
[Round "8"]
[White "FearlessKing64"]
[Black "bugsbunny444"]
[Result "1-0"]
[WhiteElo "2072"]
[BlackElo "2290"]
[TimeControl "180+2"]
[EndTime "12:47:45 PDT"]
[Termination "FearlessKing64 won by resignation"]

1. e4 e6 2. d4 d5 3. Nc3 Nf6 4. Bg5 Bb4 5. e5 h6 6. Bd2 Bxc3 7. bxc3 Ne4 8. Qg4 g6 9. Bd3 Nxd2 10. Kxd2 c5 11.
h4 Nc6 12. Nf3 Qa5 13. Qf4 cxd4 14. Nxd4 Nxd4 15. Qxd4 Bd7 16. Rab1 b6 17. f4 h5 18. Qb4 Qxb4 19. cxb4 Ke7 20. b5 Rhc8 21. Rb4 Rc5 22. a4 Rac8 23. Rhb1 R8c7 24. g3 Be8 25. Rd4 Rc3 26.
Rb3 R3c5 27. Rdb4 f6 28. exf6+ Kxf6 29. Rb1 e5 30. fxe5+ Kxe5 31. Re1+ Kd6 32. Rxe8 1-0

[Event "*** Titled Tuesday 3|2 Blitz"]
[Site "Chess.com"]
[Date "2016.08.02"]
[Round "8"]
[White "Andrejkin"]
[Black "saraswathii"]
[Result "1-0"]
[WhiteElo "2236"]
[BlackElo "2121"]
[TimeControl "180+2"]
[EndTime "12:47:50 PDT"]
[Termination "Andrejkin won on time"]

1. e4 c5 2. Nf3 e6 3. d4 cxd4 4. Nxd4 Nf6 5. Nc3 Nc6 6. Ndb5 Bb4 7. Nd6+ Ke7 8. Bf4 e5 9. Nf5+ Kf8 10. Bd2 d5 11. exd5 Nd4 12. Ne3 Bd7 13. a3 Ba5 14. b4 Bb6 15. Bd3 Qe7 16. O-O e4 17. Bc4 Rc8 18. Bb5 Nxb5 19. Nxb5 Bxb5 20. c4 Bxc4 21. Nxc4 Rxc4 22. Qb3 Rd4 23. Be3 Rd3 24. Qc4 Bxe3 25. fxe3 Nxd5 26. Qc8+ Qe8 27. Rac1 Nf6 28. Qxb7 Rd7 29.
Qa6 Ke7 30. Rc6 Qb8 31. Rcxf6 Rf8 32. R6f5 f6 33. Qc4 Qb7 34. Re5+ fxe5 35. Qc5+ Rd6 36. Qxe5+ 1-0

[Event "*** Titled Tuesday 3|2 Blitz"]
[Site "Chess.com"]
[Date "2016.08.02"]
[Round "8"]
[White "Kawhi_Leonard2"]
[Black "brauliocuarta"]
[Result "1-0"]
[WhiteElo "2107"]
[BlackElo "2052"]
[TimeControl "180+2"]
[EndTime "12:47:55 PDT"]
[Termination "Kawhi_Leonard2 won by resignation"]

1. e4 c5 2. Nf3 e6 3. d4 cxd4 4. Nxd4 a6 5. Nc3 Qc7 6. Be3 Bb4 7. Bd3 Bxc3+ 8. bxc3 Qxc3+ 9. Ke2 Nf6 10. Re1 O-O 11. Kf1 b5 12. e5 Nd5 13. Nf3 Bb7 14. Bd4 Qc7 15. Bxh7+ Kxh7 16. Ng5+ Kg8 17. Qh5 Qxc2 18. Re4 Ne3+ 19. Rxe3 Qg6 20. Qh4 f6 21. exf6 gxf6 22.
Rg3 fxg5 23. Rxg5 Qxg5 24. Qxg5+ Kf7 25. Qh5+ Ke7 26. Qg5+ Ke8 27. Bc5 Nc6 28. Bxf8 Kxf8 29. Rd1 Rd8 30. Rd3 Ne7 31. Rh3 d5 32. Rh8+ 1-0

[Event "*** Titled Tuesday 3|2 Blitz"]
[Site "Chess.com"]
[Date "2016.08.02"]
[Round "8"]
[White "diokletian"]
[Black "RamonManon0g"]
[Result "1-0"]
[WhiteElo "2433"]
[BlackElo "2238"]
[TimeControl "180+2"]
[EndTime "12:48:15 PDT"]
[Termination "diokletian won by resignation"]

1. e4 c5 2. Nf3 d6 3. d4 cxd4 4. Nxd4 Nf6 5. Nc3 a6 6. h3 e5 7. Nb3 h5 8. Be3 Be7 9. Qd2 Be6 10. O-O-O Nbd7 11. f4 b5 12. Bd3 Bxb3 13. axb3 Qc7 14. Kb1 Nc5 15. b4 Nxd3 16. Qxd3 Rc8 17. g4 Qc4 18. g5 Qxd3 19. Rxd3 Nd7 20. f5 Rc4 21. b3 Rc6 22. Nd5 Bd8 23. h4 Nb6 24. Bxb6 Bxb6 25.
c3 Kd7 26. Kc2 Rhc8 27. Ra1 Bf2 28. Rh3 Rf8 29. Kd3 g6 30. Rf1 gxf5 31. Rxf2 fxe4+ 32. Kxe4 1-0

[Event "*** Titled Tuesday 3|2 Blitz"]
[Site "Chess.com"]
[Date "2016.08.02"]
[Round "8"]
[White "GeorgMeier"]
[Black "MinhGTrAn"]
[Result "1/2-1/2"]
[WhiteElo "2706"]
[BlackElo "2614"]
[TimeControl "180+2"]
[EndTime "12:48:25 PDT"]
[Termination "Game drawn by agreement"]

1. Nf3 Nf6 2. g3 b6 3. Bg2 Bb7 4. c4 e6 5. O-O Be7 6. b3 O-O 7. Bb2 d5 8. cxd5 Nxd5 9. Nc3 Nxc3 10. Bxc3 c5 11. d4 Nd7 12. Rc1 Rc8 13. Qd3 Nf6 14. Rfd1 cxd4 15. Bxd4 Be4 16. Qe3 Rxc1 17. Rxc1 Qa8 18.
Bxf6 Bxf6 19. Ne1 Bxg2 20. Nxg2 Rd8 21. Ne1 g6 22. Qf3 Qxf3 23. Nxf3 Rd7 24. Kf1 Kg7 25. e4 Bb2 26. Rc2 Ba1 27. Ke2 Kf6 28. g4 h6 29.
h3 Be5 30. b4 Bf4 31. b5 a6 32.
a4 axb5 33. axb5 Ra7 34. Rc6 Ra2+ 35. Kf1 Ra4 36. e5+ Bxe5 37. Nxe5 Kxe5 38. Rxb6 Rb4 39. Rb8 Rb3 40. Kg2 Kf6 41. b6 Kg5 42. b7 1/2-1/2

[Event "*** Titled Tuesday 3|2 Blitz"]
[Site "Chess.com"]
[Date "2016.08.02"]
[Round "8"]
[White "ChadaevNikolay"]
[Black "jcibarra"]
[Result "0-1"]
[WhiteElo "2522"]
[BlackElo "2656"]
[TimeControl "180+2"]
[EndTime "12:48:38 PDT"]
[Termination "jcibarra won by resignation"]

1. e4 e5 2. Nf3 Nc6 3. Bb5 g6 4. O-O Bg7 5. c3 a6 6. Ba4 d6 7.
d4 Bd7 8. d5 Nce7 9. c4 h6 10.
Nc3 f5 11. Re1 Nf6 12. Bxd7+ Qxd7 13. b4 O-O 14. Rb1 f4 15. c5 g5 16. Nd2 g4 17.
Nc4 Rad8 18. a4 Ng6 19. Ba3 f3 20. g3 Nh5 21. b5 Ngf4 22. b6 cxb6 23. Rxb6 Qe8 24.
Nxd6 Rxd6 25. Rxd6 Nxg3 26. fxg3 f2+ 27. Kxf2 Qh5 28.
gxf4 Qxh2+ 29. Ke3 exf4+ 30. Kd3 Qg3+ 31. Kc2 Qxc3+ 32. Kb1 Qxa3 33. e5 f3 34. Rg6 Rf4 35.
Rb6 f2 36. Rf1 Bxe5 37. Rxf2 Qa1+ 38. Kc2 Rxf2+ 0-1

[Event "*** Titled Tuesday 3|2 Blitz"]
[Site "Chess.com"]
[Date "2016.08.02"]
[Round "8"]
[White "Maitreia"]
[Black "wonderfultime"]
[Result "0-1"]
[WhiteElo "2362"]
[BlackElo "2609"]
[TimeControl "180+2"]
[EndTime "12:48:39 PDT"]
[Termination "wonderfultime won by resignation"]

1. c4 c6 2. g3 d5 3. Nf3 g6 4. Bg2 Bg7 5. O-O Nf6 6. Qb3 O-O 7. d3 b6 8. Nc3 Bb7 9. Bf4 Nbd7 10. cxd5 Nxd5 11. Nxd5 cxd5 12. Rfc1 Nc5 13. Rxc5 bxc5 14. Qxb7 e6 15. Rc1 Qb6 16. Qe7 Qxb2 17. Qxc5 Qxe2 18.
Qe3 Qxe3 19. Bxe3 Rfc8 20. Rxc8+ Rxc8 21. Bxa7 Ra8 22. Bd4 Bf8 23. Bf1 Rxa2 24. Kg2 Be7 25. h4 f6 26. Be3 e5 27. d4 e4 28. Nd2 f5 29. g4 Bd6 30. gxf5 gxf5 31. Nc4 Bc7 32.
Ne5 Kg7 33. Kg3 Kf6 34. Kf4 Ra8 35. Bh3 Re8 36. Bxf5 Rxe5 37. dxe5+ Bxe5+ 38. Kg4 h5+ 39. Kxh5 Kxf5 40. Kh6 d4 41. Bg5 d3 42. h5 Bf4 43. Bxf4 Kxf4 44. Kg6 d2 0-1

[Event "*** Titled Tuesday 3|2 Blitz"]
[Site "Chess.com"]
[Date "2016.08.02"]
[Round "8"]
[White "Newlight1"]
[Black "DrHolmes13"]
[Result "1-0"]
[WhiteElo "2414"]
[BlackElo "2399"]
[TimeControl "180+2"]
[EndTime "12:48:59 PDT"]
[Termination "Newlight1 won by resignation"]

1. e4 c6 2. d4 d5 3. e5 Bf5 4. h4 h6 5. g4 Bd7 6. Nc3 Qc8 7. Be2 h5 8. gxh5 Nh6 9. Nf3 Bf5 10. Rg1 e6 11. a3 Nd7 12. Be3 c5 13. Qd2 a6 14.
O-O-O b5 15. dxc5 Nxc5 16. Nd4 Bh7 17. Bxh6 gxh6 18. Qf4 Nd7 19. Nxd5 exd5 20. Bg4 Bc5 21. c3 Bxd4 22. Rxd4 Qc6 23. Bf3 Nb6 24. Rg7 Qe6 25.
Bg4 Qe7 26. e6 Bg8 27. exf7+ Bxf7 28. Rd3 Kf8 29. Rxf7+ Qxf7 30. Qd6+ Kg7 31. Be6 Qxf2 32. Qe7+ 1-0

[Event "*** Titled Tuesday 3|2 Blitz"]
[Site "Chess.com"]
[Date "2016.08.02"]
[Round "8"]
[White "SabinoBrunello"]
[Black "oggy1984"]
[Result "1-0"]
[WhiteElo "2548"]
[BlackElo "2314"]
[TimeControl "180+2"]
[EndTime "12:49:01 PDT"]
[Termination "SabinoBrunello won by resignation"]

1. d4 Nf6 2. Bg5 d5 3. e3 c6 4. Bd3 Bg4 5. Ne2 e6 6. f3 Bh5 7.
Nf4 Bg6 8. h4 Bd6 9. h5 Bxd3 10.
Nxd3 Bg3+ 11. Kf1 h6 12. Bf4 Bxf4 13. exf4 Qb6 14. c3 Nbd7 15. Nd2 c5 16. dxc5 Nxc5 17. Nxc5 Qxc5 18. Qe2 O-O 19. Nb3 Qb6 20. g4 Nd7 21. Kg2 a5 22. Nd4 a4 23. a3 Rae8 24.
Rae1 e5 25. Nf5 exf4 26. Qd2 Ne5 27. Qxd5 Qxb2+ 28. Kh3 Qxc3 29. Rhf1 Nxf3 30. Rxf3 Qxe1 31. Rxf4 Qe6 32. Qd4 f6 33. Rf3 Qe5 34. Qxa4 Re7 35. Qb3+ Re6 36. Re3 Qxf5 37. gxf5 1-0

[Event "*** Titled Tuesday 3|2 Blitz"]
[Site "Chess.com"]
[Date "2016.08.02"]
[Round "8"]
[White "Pudor"]
[Black "1stSecond"]
[Result "0-1"]
[WhiteElo "2299"]
[BlackElo "2537"]
[TimeControl "180+2"]
[EndTime "12:49:07 PDT"]
[Termination "1stSecond won by resignation"]

1. d4 Nf6 2. c4 g6 3. Nc3 Bg7 4. e4 d6 5. Nf3 O-O 6. Be2 e5 7. O-O Nbd7 8. Be3 Nh5 9. dxe5 dxe5 10. g3 Nhf6 11. Ne1 c6 12. b4 Qe7 13. c5 Rd8 14.
Qc2 a5 15. Nd3 axb4 16. Na4 Nxe4 17. Nxb4 Ndf6 18. Nb6 Ra5 19. Rac1 Bf5 20. g4 Bxg4 21. Bxg4 Nxg4 22. Qxe4 Qh4 23. Qg2 Nxe3 24. fxe3 Qxb4 25. Rcd1 Rxd1 26. Rxd1 Rxc5 27. Rd8+ Bf8 28. Rxf8+ Kxf8 29. Nd7+ Kg7 30. Nxc5 Qxc5 31. Qg5 Qd5 32. Qg3 h6 33. h4 b5 34. Qf2 b4 35. Qb2 c5 36.
Kf2 Qe4 37. Ke2 Qg2+ 0-1

[Event "*** Titled Tuesday 3|2 Blitz"]
[Site "Chess.com"]
[Date "2016.08.02"]
[Round "8"]
[White "lukas_111111"]
[Black "eltenedor"]
[Result "1-0"]
[WhiteElo "2236"]
[BlackElo "2017"]
[TimeControl "180+2"]
[EndTime "12:49:07 PDT"]
[Termination "lukas_111111 won on time"]

1. d4 d5 2. c4 dxc4 3. e3 Nf6 4. Bxc4 e6 5. Nf3 c5 6. O-O Qc7 7. Qe2 Nc6 8. Nc3 a6 9. a4 Be7 10. d5 exd5 11. Nxd5 Nxd5 12. Bxd5 Nb4 13. Bb3 O-O 14. Bd2 Bf5 15. e4 Bg4 16. Rac1 Nc6 17. Be3 Ne5 18. Kh1 Qb6 19. Bd1 Qb4 20. h3 Nxf3 21. hxg4 Nd4 22. Bxd4 Qxd4 23. Bb3 Bd6 24. g3 Qb4 25. Bd5 Rab8 26.
Kg2 Qxa4 27. Rh1 Be5 28. g5 g6 29. Qg4 h5 30. Rxh5 gxh5 31. Qxh5 Qd7 32. g6 Rfe8 33. gxf7+ Kf8 34. fxe8=Q+ Rxe8 35. Qg5 Qg7 36. Qf5+ 1-0

[Event "*** Titled Tuesday 3|2 Blitz"]
[Site "Chess.com"]
[Date "2016.08.02"]
[Round "8"]
[White "profofchess"]
[Black "CroatianPower"]
[Result "1/2-1/2"]
[WhiteElo "2326"]
[BlackElo "2416"]
[TimeControl "180+2"]
[EndTime "12:49:21 PDT"]
[Termination "Game drawn by stalemate"]

1. e4 e5 2. Nf3 Nc6 3. d4 exd4 4. Nxd4 Bc5 5. Be3 Qf6 6. c3 Nge7 7. Bc4 O-O 8. O-O d6 9. f4 Qh4 10. Nd2 Bg4 11. N2f3 Qh5 12. Nc2 Bxe3+ 13. Nxe3 Rae8 14. h3 Bxf3 15. Rxf3 Kh8 16. Qc2 Ng6 17. Nf5 Nh4 18.
Nxh4 Qxh4 19. Raf1 f6 20. Bd5 Nd8 21. b4 g6 22. Bc4 f5 23. exf5 Rxf5 24. Bd3 Rf7 25. f5 g5 26. Qd2 Nc6 27. Re3 Ne5 28. Be2 Rf6 29. Qd4 Ref8 30. Qxh4 gxh4 31. Bf3 Rxf5 32. Rfe1 Nxf3+ 33. gxf3 Rxf3 34. Rxf3 Rxf3 35. Re8+ Kg7 36. Re7+ Rf7 37. Re4 Kf6 38. Rxh4 Ke5 39. Kg2 c6 40. a4 d5 41. a5 b6 42. axb6 axb6 43. Rh6 c5 44.
Rxb6 c4 45. Rc6 Ke4 46. b5 Kd3 47. b6 Kxc3 48. Rc7 Rf6 49. b7 Rb6 50. Kf3 d4 51. Ke4 d3 52. Kd5 Rb5+ 53. Kc6 Rxb7 54. Rxb7 d2 55.
Rd7 Kc2 56. Kc5 h5 57. Kxc4 h4 58. Rd8 d1=Q 59. Rxd1 Kxd1 60. Kd3 Kc1 61. Ke3 Kc2 62. Kf4 Kd3 63. Kg4 Ke4 64. Kxh4 Kf5 65. Kh5 Kf6 66. h4 Kg7 67. Kg5 Kh8 68. h5 Kg8 69.
Kg6 Kh8 70. h6 Kg8 71. h7+ Kh8 72. Kh6 1/2-1/2

[Event "*** Titled Tuesday 3|2 Blitz"]
[Site "Chess.com"]
[Date "2016.08.02"]
[Round "8"]
[White "BillieKimbah"]
[Black "Genghis_K"]
[Result "1-0"]
[WhiteElo "2532"]
[BlackElo "2666"]
[TimeControl "180+2"]
[EndTime "12:49:25 PDT"]
[Termination "BillieKimbah won by resignation"]

1. d4 d5 2. c4 dxc4 3. Nf3 Nf6 4. e3 Bg4 5. Bxc4 e6 6. Nc3 Nc6 7. Bb5 Bd6 8. Qa4 Bxf3 9. gxf3 O-O 10. Bxc6 bxc6 11.
Qxc6 Rb8 12. b3 Rb6 13. Qc4 Qa8 14. Qe2 e5 15. dxe5 Bxe5 16. Bb2 Rd8 17. Na4 Bxb2 18. Nxb2 Nd5 19. Nc4 Re6 20. O-O-O a5 21. Rd4 c5 22. Rd3 Rde8 23. Qd2 Nb4 24. Rd7 Qxf3 25. Rg1 Qf6 26. Qb2 Qxb2+ 27. Kxb2 Rf6 28. Rg2 Ra8 29. a4 h6 30. f4 Re6 31. Rgd2 g6 32. Rc7 Na6 33. Rb7 Nb4 34. Rb5 Nc6 35. Rxc5 Rb8 36. Rb5 Ra8 37. Rd6 Rxd6 38. Nxd6 Rd8 39. Nc4 Ra8 40. Rc5 Ra6 41. Rb5 Ra8 42. Kc3 Kg7 43. Rb6 Nb4 44. Rb5 Nc6 45. Rc5 Ra6 46. Ne5 Nb4 47. Nc4 Nc6 48.
Rd5 Nb4 49. Rxa5 Rxa5 50. Nxa5 Nd5+ 51. Kd4 1-0

[Event "*** Titled Tuesday 3|2 Blitz"]
[Site "Chess.com"]
[Date "2016.08.02"]
[Round "8"]
[White "WanderingPuppet"]
[Black "AdamHunt1"]
[Result "0-1"]
[WhiteElo "2261"]
[BlackElo "2385"]
[TimeControl "180+2"]
[EndTime "12:49:26 PDT"]
[Termination "AdamHunt1 won by checkmate"]

1. e4 c5 2. Nf3 e6 3. d4 cxd4 4. Nxd4 a6 5. Bd3 Bc5 6. Nb3 Be7 7. O-O d6 8. f4 Nc6 9. f5 Bf6 10. N1d2 Nge7 11. Nf3 Ne5 12. Nfd4 O-O 13. g4 N7c6 14. Nxc6 bxc6 15. Qd2 Nxg4 16. Qg2 Ne5 17. Rf2 c5 18. Bf4 Bb7 19. Raf1 exf5 20. Bxe5 Bxe5 21. Rxf5 Bc8 22. Rg5 Be6 23. Nd2 Bxb2 24. e5 Bxe5 25. Ne4 Kh8 26. Rh5 g6 27. Rh6 Bg7 28. Rxh7+ Kxh7 29. Ng5+ Kg8 30. Qg3 Bd4+ 31. Kg2 Bd5+ 32. Kh3 Qd7+ 33.
Bf5 Qe7 34. Qh4 Qe3+ 35. Rf3 Qxf3+ 36. Nxf3 Bxf3 37. Bg4 Bxg4+ 38. Qxg4 Rae8 39. Qd7 Re3+ 40. Kg2 Rfe8 41. Qxd6 Re2+ 42. Kf3 Rf2+ 43. Kg4 Re4+ 44. Kg5 Rg2+ 45. Kh6 Rh4# 0-1

[Event "*** Titled Tuesday 3|2 Blitz"]
[Site "Chess.com"]
[Date "2016.08.02"]
[Round "8"]
[White "Saitama_Hero"]
[Black "ShimanovAlex"]
[Result "0-1"]
[WhiteElo "2214"]
[BlackElo "2572"]
[TimeControl "180+2"]
[EndTime "12:49:35 PDT"]
[Termination "ShimanovAlex won on time"]

1. d4 e5 2. dxe5 Nc6 3. Nf3 Qe7 4. Nc3 Nxe5 5. e4 d6 6. Be2 Nf6 7. O-O h6 8. Nd4 g5 9. f4 gxf4 10. Bxf4 Bd7 11. Qd2 O-O-O 12. Rae1 Bg7 13. Nd5 Nxd5 14. exd5 Rde8 15. Qa5 Kb8 16. Bb5 Qd8 17. Be3 c5 18.
Qxd8+ Rxd8 19. Bxd7 cxd4 20. Bxd4 Rxd7 21. c3 Re8 22. Kh1 Rde7 23. b3 Kc7 24. c4 b6 25.
b4 Bh8 26. c5 Nd7 27. Rxe7 Rxe7 28. cxd6+ Kxd6 29. Bxh8 Kxd5 30. Bg7 h5 31. h3 Kc4 32.
Rf4+ Kb5 33. a3 Ka4 34. Bb2 Kb3 35. Bd4 Kxa3 36. b5 Nf8 37. Bf6 Rd7 38. Kh2 Ng6 39. Rf5 h4 40. Bg5 Ka4 41. Be3 Kb4 42. Bg5 Kc4 43.
Be3 Re7 44. Bf2 Rd7 0-1

[Event "*** Titled Tuesday 3|2 Blitz"]
[Site "Chess.com"]
[Date "2016.08.02"]
[Round "8"]
[White "dabee"]
[Black "Schemato"]
[Result "1-0"]
[WhiteElo "2432"]
[BlackElo "2239"]
[TimeControl "180+2"]
[EndTime "12:49:37 PDT"]
[Termination "dabee won by checkmate"]

1. d4 e6 2. Nf3 c5 3. c3 Nf6 4.
Bg5 h6 5. Bh4 b6 6. Nbd2 Bb7 7. e3 Be7 8. Bd3 d5 9. Ne5 Nbd7 10. f4 O-O 11. O-O Ne4 12. Bxe7 Qxe7 13. Qe2 Nxe5 14. fxe5 Nxd2 15. Qxd2 f6 16. exf6 Rxf6 17.
Rxf6 Qxf6 18. Rf1 Qg5 19. Qf2 Qe7 20. Qg3 Rf8 21. Rxf8+ Kxf8 22. Bg6 Bc8 23. Qb8 Qd7 24. h4 Ke7 25. Qf4 Kd8 26. dxc5 bxc5 27. Qf8+ Kc7 28.
Qxc5+ Kb8 29. Bd3 Qd8 30. Qd4 g5 31. hxg5 hxg5 32. e4 Qb6 33. Qxb6+ axb6 34. e5 Kc7 35. Kf2 Kc6 36. Kf3 d4 37. cxd4 Kd5 38. Ke3 Bd7 39. Be4+ Kc4 40. Bd3+ Kd5 41. b3 b5 42. Be4# 1-0

[Event "*** Titled Tuesday 3|2 Blitz"]
[Site "Chess.com"]
[Date "2016.08.02"]
[Round "8"]
[White "macko06"]
[Black "Makalexa"]
[Result "0-1"]
[WhiteElo "2110"]
[BlackElo "2181"]
[TimeControl "180+2"]
[EndTime "12:49:37 PDT"]
[Termination "Makalexa won by resignation"]

1. d4 Nf6 2. Nf3 g6 3. c4 Bg7 4.
Nc3 c5 5. d5 d6 6. g3 O-O 7.
Bg2 e6 8. O-O exd5 9. cxd5 Re8 10. Nd2 a6 11. a4 Nbd7 12. Nc4 Nb6 13. Na3 Bd7 14. a5 Nc8 15. Nc4 Bb5 16. Qb3 Na7 17. Nb6 Rb8 18. Re1 Nd7 19. Nxd7 Qxd7 20. e4 Bd3 21.
Qd1 c4 22. Na4 Nb5 23. Bd2 Nd4 24. Nb6 Qb5 25. Rc1 Nb3 26. Bf1 Nxc1 27. Bxc1 Bxf1 28.
Rxf1 Rxe4 29. Qc2 Rbe8 30. Be3 Qb3 31. Qe2 Bxb2 32. Nd7 Rxe3 33. fxe3 Qxe3+ 34. Qxe3 Rxe3 35. Kf2 Ra3 36. Nb6 Bd4+ 37. Ke2 Ra2+ 38. Kf3 Bxb6 39. axb6 Rd2 40. Re1 Kf8 41. Rc1 Rxd5 42. Rxc4 Rb5 43. Rc8+ Kg7 44. Rc7 Rxb6 45. h4 h5 46. Kf4 a5 47.
Rc8 a4 48. Ra8 Ra6 0-1

[Event "*** Titled Tuesday 3|2 Blitz"]
[Site "Chess.com"]
[Date "2016.08.02"]
[Round "8"]
[White "shivakaka"]
[Black "Wolverine_master"]
[Result "0-1"]
[WhiteElo "2110"]
[BlackElo "2019"]
[TimeControl "180+2"]
[EndTime "12:49:58 PDT"]
[Termination "Wolverine_master won by checkmate"]

1. e4 e5 2. Nf3 Nc6 3. d4 exd4 4.
Bc4 Nf6 5. e5 d5 6. Bb5 Ne4 7.
Nxd4 Bd7 8. Bxc6 bxc6 9. O-O Bc5 10. f3 Ng5 11. f4 Ne4 12. Be3 Qb8 13. b3 Qb6 14. f5 O-O 15. f6 Rfe8 16. e6 Bxe6 17. c3 Nxf6 18. Rxf6 gxf6 19. Bh6 Kh8 20. b4 Bxd4+ 21.
cxd4 Qxb4 22. a3 Qb2 23. Nd2 Qxd4+ 24. Kh1 Bg4 25. Qf1 Re6 26. h3 Be2 27. Qc1 Rg8 28. Rb1 Qe5 29. Nf1 Bxf1 30. Qxf1 d4 31. Bf4 Qe4 32.
Bxc7 Rxg2 33. Qxg2 Qxb1+ 34. Kh2 d3 35. Kg3 Qe1+ 36. Kg4 Qe4+ 37. Bf4 Qxg2+ 38. Kh4 d2 39. Bxd2 Qxd2 40. a4 Qd4+ 41. Kh5 Re5+ 42. Kh6 Qh4# 0-1

[Event "*** Titled Tuesday 3|2 Blitz"]
[Site "Chess.com"]
[Date "2016.08.02"]
[Round "8"]
[White "sandropozo"]
[Black "Astaneh"]
[Result "1-0"]
[WhiteElo "2386"]
[BlackElo "2478"]
[TimeControl "180+2"]
[EndTime "12:49:59 PDT"]
[Termination "sandropozo won on time"]

1. d4 Nf6 2. Nf3 g6 3. g3 Bg7 4.
Bg2 O-O 5. O-O d5 6. c4 dxc4 7. Na3 c3 8. bxc3 c5 9. e3 Nc6 10. Bb2 Bf5 11. Qe2 Be4 12. Rfd1 Qa5 13. Nc4 Qa4 14. Bf1 cxd4 15. cxd4 Rac8 16. Nfd2 Bf5 17.
e4 Bg4 18. f3 Bd7 19. Nb3 b6 20. d5 Nb4 21. Nd4 Rfd8 22. a3 Na6 23. Nxb6 axb6 24. Qxa6 Ne8 25. Qxa4 Bxa4 26. Rdc1 Nd6 27. Ba6 Ra8 28. Bd3 e6 29. Rab1 exd5 30. exd5 Rdc8 31. Nc6 Bf8 32. Bf6 Bxc6 33. Rxc6 Rxa3 34. Be2 Ra2 35. Kf1 Re8 36. Re1 Nf5 37. Bd3 Ne3+ 38. Kg1 Bc5 39. Kh1 Kf8 40. d6 Nd5 41. Rxe8+ Kxe8 42. Bb5 Kd7 43. Rxc5+ Kxd6 44. Rc6+ 1-0

[Event "*** Titled Tuesday 3|2 Blitz"]
[Site "Chess.com"]
[Date "2016.08.02"]
[Round "8"]
[White "Ginger_GM"]
[Black "Yaacovn"]
[Result "1/2-1/2"]
[WhiteElo "2403"]
[BlackElo "2610"]
[TimeControl "180+2"]
[EndTime "12:50:00 PDT"]
[Termination "Game drawn by agreement"]

1. e4 c6 2. Bc4 d5 3. Bb3 dxe4 4. Qh5 g6 5. Qh4 Bg7 6. Nc3 Bf5 7. f3 exf3 8. Nxf3 Nf6 9. d4 Nbd7 10. O-O e6 11. Bh6 Bxh6 12. Qxh6 Ng4 13. Qf4 Qb8 14. Qd2 O-O 15.
h3 Ngf6 16. Rae1 Qg3 17. Re3 Qd6 18. g4 Qg3+ 19. Qg2 Qxg2+ 20. Kxg2 Bxg4 21. hxg4 Nxg4 22. Re2 Ndf6 23. Ne5 Kg7 24. Ne4 Nxe4 25. Rxe4 Nxe5 26. dxe5 Rad8 27. Rf2 Rd7 28. Kf3 Rfd8 29. Ke3 Rd1 30. a4 a5 31. Kf3 Rh1 32. c3 Rd3+ 33. Ke2 Rd7 34. Bc2 h5 35. b4 axb4 36. cxb4 Ra1 37. Kf3 Ra3+ 38. Kg2 Ra2 39. Ref4 Rb2 40. a5 g5 41. Re4 Rd5 42. Rfe2 Rb5 43. Rd4 R5xb4 44. Rd7 Rc4 45. Bd3 Rxe2+ 46. Bxe2 Rc5 47. Bxh5 Rxe5 48. Rxf7+ Kh6 49. Bg4 Rxa5 50. Rxb7 Re5 51.
Re7 Kg6 52. Rxe6+ Rxe6 53. Bxe6 Kf6 54. Ba2 1/2-1/2

[Event "*** Titled Tuesday 3|2 Blitz"]
[Site "Chess.com"]
[Date "2016.08.02"]
[Round "8"]
[White "viditchess"]
[Black "platy3"]
[Result "0-1"]
[WhiteElo "2549"]
[BlackElo "2701"]
[TimeControl "180+2"]
[EndTime "12:50:08 PDT"]
[Termination "platy3 won on time"]

1. d4 Nf6 2. c4 g6 3. g3 Bg7 4. Bg2 O-O 5. Nc3 d6 6. Nf3 Nc6 7. O-O a6 8. d5 Na5 9. b3 Rb8 10. Bd2 c5 11. dxc6 Nxc6 12. Qc1 b5 13. cxb5 axb5 14. Nxb5 Rxb5 15. Qxc6 Rc5 16. Qa4 Bd7 17. Qa3 Ne4 18. Rac1 Nxd2 19. Nxd2 Ra5 20. Qb4 Rxa2 21. Rfd1 h5 22. Bf3 Be6 23. Qb7 Bd4 24. Nc4 Bf6 25.
Ne3 Qb8 26. Nd5 Bxd5 27. Qxd5 Kg7 28. Qd3 Ra3 29. Rb1 Rc8 30. Kg2 Rc3 31. Qe4 Rcxb3 32.
Rxb3 Rxb3 33. Rc1 e6 34. Qc6 d5 35. h4 Be5 36. Rc2 Rb1 37. Ra2 Qb4 38. e3 Qe1 39. Kh3 Qf1+ 40. Bg2 Qd1 41. Kh2 Qg4 42. f4 Bf6 43.
Qe8 Bxh4 44. gxh4 Qxh4+ 45. Bh3 Qe1 46. Bg2 Qg1+ 47. Kg3 Qxe3+ 48. Bf3 h4+ 0-1